 Seeded DCSS version 0.30-a0-125-g51eefa89be (webtiles) character file.

Game seed: 18168638616186862194 (custom seed)

11840 ravioli the Summoner (level 11, -3/63 HPs)
             Began as an Octopode Summoner on Sept 18, 2022.
             Was an Initiate of Gozag.
             Slain by a molten gargoyle
             ... wielding a +0 dire flail
              (10 damage)
             ... on level 9 of the Dungeon.
             The game lasted 00:30:53 (14138 turns).

ravioli the Summoner (Octopode Summoner)           Turns: 14138, Time: 00:30:53

Health: -3/63      AC:  1    Str: 16    XL:     11   Next: 84%
Magic:  10/26      EV: 15    Int: 28    God:    Gozag
Gold:   1332       SH:  0    Dex: 13    Spells: 15/32 levels left

rFire   . . .      SeeInvis .    h - +7 dagger "Vigaga" {spect, Fragile Str+3 Int+6 Stlth+}
rCold   . . .      Faith    .    (no shield)
rNeg    + . .      Spirit   .    (helmet restricted)
rPois   .          Reflect  .    c - amulet of regeneration
rElec   .          Harm     .    s - ring of positive energy
rCorr   .          Rampage  .    g - +6 ring of strength
Will    .....                    B - ring of wizardry
Stlth   ++++......               (no ring)
HPRegen 1.00/turn                (no ring)
MPRegen 0.20/turn                (no ring)
                                 (no ring)
                                 (no ring)

@: no status effects
A: almost no armour, amphibious, 8 rings, camouflage 1, gelatinous body 1,
(nimble swimmer 1), tentacles
a: Renounce Religion, Potion Petition, Call Merchant, Bribe Branch


You were on level 9 of the Dungeon.
You worshipped Gozag.
Gozag was most pleased with you.
You visited 2 branches of the dungeon, and saw 10 of its levels.

You collected 1855 gold pieces.
You spent 420 gold pieces at shops.
You paid 103 gold pieces to Gozag.

Inventory:

Hand Weapons
 h - the +7 dagger "Vigaga" (weapon) {spect, Fragile Str+3 Int+6 Stlth+}
   (You found it on level 3 of the Dungeon)

   When its wielder attacks, the weapon's spirit leaps out and strikes again.
   The spirit shares a part of any damage it takes with its wielder.
   Str:       It affects your strength (+3).
   Int:       It affects your intelligence (+6).
   Fragile:   It will be destroyed if unequipped.
   Stlth:     It makes you more stealthy.
Missiles
 t - 3 throwing nets
Jewellery
 c - an amulet of regeneration (around mantle)
 g - a +6 ring of strength (right tentacle)
 s - a ring of positive energy (left tentacle)
 B - a ring of wizardry (on tentacle)
 E - an amulet of guardian spirit
 F - a +4 ring of protection
 G - an amulet of the acrobat
Wands
 l - a wand of polymorph (13)
 q - a wand of mindburst (11)
Scrolls
 d - 2 scrolls of acquirement {unknown}
 f - 2 scrolls of enchant weapon {unknown}
 j - a scroll of amnesia {unknown}
 k - 3 scrolls of noise
 n - 2 scrolls of fear {unknown}
 p - 5 scrolls of teleportation
 v - a scroll of magic mapping {unknown}
 w - a scroll of torment {unknown}
 x - a scroll of poison {unknown}
 y - 2 scrolls of silence
 A - a scroll of immolation {unknown}
 C - a scroll of enchant armour {unknown}
Potions
 a - a potion of invisibility {unknown}
 b - 2 potions of degeneration
 e - 2 potions of lignification
 i - a potion of resistance {unknown}
 m - 4 potions of curing
 o - 3 potions of heal wounds
 r - a potion of brilliance {unknown}
 u - a potion of cancellation {unknown}
 z - a potion of flight {unknown}
 D - a potion of magic


   Skills:
 - Level 1.0 Fighting
 + Level 0.3 Short Blades
 + Level 5.7 Dodging
 - Level 4.0 Stealth
 + Level 11.1 Spellcasting
 + Level 1.1 Hexes
 + Level 13.4 Summonings
 + Level 3.0 Air Magic
 + Level 1.1 Evocations


You had 15 spell levels left.
You knew the following spells:

 Your Spells              Type           Power      Damage    Failure   Level
a - Summon Small Mammal   Summ           100%       N/A       0%          1
b - Call Canine Familiar  Summ           74%        N/A       1%          3
c - Summon Guardian Gole  Hex/Summ       54%        N/A       1%          3
d - Summon Lightning Spi  Summ/Air       58%        N/A       1%          4
e - Summon Cactus Giant   Summ           37%        N/A       1%          6

Your spell library contained the following spells:

 Spells                   Type           Power      Damage    Failure   Level
 Call Imp                 Summ           74%        N/A       0%          2
 Scorch                   Fire           30%        2d6       2%          2
 Flame Wave               Conj/Fire      15%        2d7       14%         4
 Dispersal                Tloc           7%         N/A       89%         6
 Disjunction              Tloc           7%         N/A       100%        8


Dungeon Overview and Level Annotations

Branches:
Dungeon (9/15)             Temple (1/1) D:6            Lair (0/5) D:8
    Orc (0/2) D:9

Altars:
Ashenzari
Cheibriados
Dithmenos
Elyvilon
Fedhas
Gozag
Hepliaklqana
Kikubaaqudgha
Makhleb
Nemelex Xobeh
Okawaru
Sif Muna
Trog
Uskayaw
Vehumet
Wu Jian
Xom
Yredelemnul
Zin
The Shining One

Shops:
D:3 =

Annotations:
D:4 3 runed translucent doors, pigah's ghost, novice OpAE
D:6 1 runed translucent door, Crazy Yiuf


Innate Abilities, Weirdness & Mutations

You cannot wear most types of armour.
You are amphibious.
You can wear up to eight rings at the same time.
Your skin changes colour to match your surroundings (Stealth+).
Your rubbery body absorbs attacks. (AC +1, EV +1)
((You are camouflaged when in or above water. (Stealth+)))
You have tentacles for arms and can constrict up to eight enemies at once.


Message History

You swap places.
You now have 1326 gold pieces (gained 3).
You see here a +0 flail.
You now have 1332 gold pieces (gained 6).
Things that are here:
a +0 morningstar; a +0 dire flail A molten gargoyle comes into view.
It is wielding a +0 dire flail.
Your warg barely misses the molten gargoyle.
The molten gargoyle blasts magma at you!
The bolt of magma hits your warg!
Casting: Call Canine Familiar (safe; 1% risk of failure)
Confirm with . or Enter, or press ? or * to list all spells.
Your warg bites the molten gargoyle.
The molten gargoyle blasts magma at you!
The bolt of magma hits your warg!!
Your warg dies!
Your warg's corpse disappears in a puff of smoke!
Casting: Summon Cactus Giant (dangerous; 1% risk of failure)
Confirm with . or Enter, or press ? or * to list all spells.
An electric hum fills the air.
Casting: Summon Lightning Spire (dangerous; 1% risk of failure)
Confirm with . or Enter, or press ? or * to list all spells.
An electric hum fills the air.
Your lightning spire disappears in a puff of smoke!
The molten gargoyle blasts magma at you!
The bolt of magma hits your cactus giant!
Unknown command.
Your cactus giant hits the molten gargoyle but does no damage.
Your lightning spire shoots out a bolt of lightning at the molten gargoyle!
The bolt of electricity hits the molten gargoyle.
The molten gargoyle resists.
The molten gargoyle hits you with a +0 dire flail!!
You are engulfed in flames!
Your cactus giant hits the molten gargoyle with a +0 giant spiked club!
The molten gargoyle attacks as you move away!
The molten gargoyle hits you with a +0 dire flail!
* * * LOW HITPOINT WARNING * * *
You are engulfed in flames!
You die...
Your body crumbles into a pile of gold.

## ##### #.... ...# .#.#.#. ..#
#.#.#.#.#.# .≈.....#..##
################ #
≈≈≈≈§≈..##.###8.............# #
§≈≈≈≈≈.# ##.h))############.# #
≈≈889≈≈.##..C9.# #.# #
≈≈88≈≈.#..#.##@# #.# #
≈≈§≈≈§≈.###.##.# #.# #
≈≈≈≈§≈§#.##.##.# #.# # #
....≈...###.##.# #.###
.#.#.#.#.#.##.##.# #.##.
#.#.#.#.#
###.##.############.##.
#.##########.##...........##.##.
#.)>......).....................
#.#######....#.#.########.##....


You could see a molten gargoyle (ally target), a friendly cactus giant
(summoned), a friendly warg (summoned) and a friendly lightning spire
(summoned).

Vanquished Creatures
  A phantom (D:5)
  A hound (D:5)
  A gnoll bouda (D:4)
  Natasha (D:2)
  An iguana (D:5)
  2 scorpion zombies (D:4)
  An orc (D:3)
  2 jackals (D:1)
  A quokka (D:1)
11 creatures vanquished.

Vanquished Creatures (collateral kills)
  3 death yaks (D:8)
  3 molten gargoyles (D:9)
  Psyche (D:8)
  Maggie (D:7)
  4 trolls (D:9)
  A hornet (D:9)
  10 yaks (D:9)
  A wyvern (D:8)
  Grum (D:8)
  3 steam dragons
  Edmund (D:6)
  A water moccasin (D:5)
  A nameless horror (D:6)
  A swamp drake (D:9)
  An acid dragon (D:8)
  An ice beast (D:5)
  6 orc warriors
  3 black bears
  A sky beast (D:6)
  5 ogres
  3 centaurs (D:9)
  3 wolves (D:8)
  A phantom (D:6)
  Blork the orc (D:6)
  8 kobold brigands
  2 bullfrogs
  2 gnoll sergeants (D:9)
  3 scorpions
  5 wights (D:8)
  7 killer bees (D:9)
  An electric eel (D:9)
  2 howler monkeys
  7 hounds
  4 orc priests
  3 jellies (D:6)
  2 gnoll boudas
  8 orc wizards
  Natasha (twice) (D:2)
  2 iguanas
  11 gnolls
  7 adders
  4 river rats
  2 shadow imps (D:6)
  A white imp (D:7)
  3 ufetubi (D:5)
  4 worms
  A dart slug (D:4)
  33 orcs
  7 endoplasms
  A giant cockroach (D:3)
  9 goblins
  5 hobgoblins
  13 jackals
  2 quokkas
  7 ball pythons
  2 bats (D:1)
  2 frilled lizards (D:1)
  9 kobolds
  5 rats
243 creatures vanquished.

Vanquished Creatures (others)
  5 fungi (D:9)
  17 plants (D:9)
22 creatures vanquished.

Grand Total: 276 creatures vanquished

Notes
Turn   | Place    | Note
-------+----------+-------------------------------------------
     0 | D:1      | ravioli the Octopode Summoner began the quest for the Orb.
     0 | D:1      | Reached XP level 1. HP: 11/11 MP: 3/3
   336 | D:1      | Reached XP level 2. HP: 17/17 MP: 5/5
   940 | D:1      | Reached skill level 7 in Summonings
   940 | D:1      | Reached XP level 3. HP: 21/21 MP: 6/9
  1198 | D:1      | Reached XP level 4. HP: 26/27 MP: 7/10
  1325 | D:1      | Found a faded altar of an unknown god.
  1651 | D:3      | Learned a level 3 spell: Call Canine Familiar
  1667 | D:3      | Identified the +7 dagger "Vigaga" {spect, Fragile Str+3
                  | Int+6 Stlth+}
  1691 | D:3      | Learned a level 3 spell: Summon Guardian Golem
  1886 | D:4      | Found a runed translucent gate.
  1886 | D:4      | Found a runed translucent gate.
  1886 | D:4      | Found a runed translucent gate.
  1886 | D:4      | Noticed pigah's ghost (novice OpAE)
  2106 | D:4      | Learned a level 4 spell: Summon Lightning Spire
  2219 | D:4      | Reached skill level 8 in Summonings
  2521 | D:5      | Entered Level 5 of the Dungeon
  2593 | D:5      | Noticed an ogre
  2601 | D:5      | Killed an ogre
  2602 | D:5      | Reached skill level 5 in Spellcasting
  2602 | D:5      | Reached XP level 5. HP: 31/31 MP: 7/12
  2781 | D:6      | Reached skill level 5 in Dodging
  2781 | D:6      | Reached XP level 6. HP: 36/36 MP: 13/13
  3226 | D:6      | Reached XP level 7. HP: 41/41 MP: 15/15
  3514 | D:6      | Noticed Blork the orc
  3525 | D:6      | Killed Blork the orc
  3883 | D:6      | Found a staircase to the Ecumenical Temple.
  4153 | Temple   | Entered the Ecumenical Temple
  4167 | Temple   | Became a worshipper of Gozag Ym Sagoz the Greedy
  4301 | D:4      | Found a basalt altar of Yredelemnul.
  4562 | D:4      | Reached XP level 8. HP: 46/46 MP: 11/17
  4834 | D:4      | Reached skill level 9 in Summonings
  5198 | D:2      | Noticed Natasha
  5204 | D:2      | Killed Natasha
  5500 | D:2      | Noticed Natasha
  5510 | D:2      | Killed Natasha
  5579 | D:2      | Noticed Natasha
  5636 | D:2      | Killed Natasha
  6002 | D:3      | Found Erovobae's Jewellery Boutique.
  6750 | D:5      | Learned a level 6 spell: Summon Cactus Giant
  7071 | D:5      | Identified the +5 falchion of the Oily God {vorpal, Drain
                  | rElec Dex+6}
  7130 | D:5      | Reached XP level 9. HP: 52/52 MP: 10/19
  7572 | D:5      | Reached skill level 10 in Summonings
  7580 | D:5      | Reached skill level 1 in Hexes
  7818 | D:6      | Found a runed translucent door.
  7819 | D:6      | Noticed Crazy Yiuf
  8099 | D:6      | Noticed Edmund
  8108 | D:6      | Reached skill level 1 in Air Magic
  8120 | D:6      | Killed Edmund
  8375 | D:6      | Found an ancient bone altar of Kikubaaqudgha.
  8401 | D:6      | Found an ornate altar of the Wu Jian Council.
  8402 | D:6      | Found a glowing silver altar of Zin.
  8402 | D:6      | Found a shimmering blue altar of Sif Muna.
  8402 | D:6      | Found a radiant altar of Vehumet.
  8402 | D:6      | Found a glowing golden altar of the Shining One.
  8404 | D:6      | Found a bloodstained altar of Trog.
  8406 | D:6      | Found a sparkling altar of Nemelex Xobeh.
  8407 | D:6      | Found a burning altar of Makhleb.
  8705 | D:3      | Bought a ring of wizardry for 420 gold pieces
  9406 | D:7      | Noticed Maggie
  9451 | D:7      | Killed Maggie
  9452 | D:7      | Reached skill level 1 in Fighting
 10009 | D:8      | Noticed Grum
 10016 | D:8      | Killed Grum
 10297 | D:8      | Noticed Psyche
 10302 | D:8      | Reached skill level 11 in Summonings
 10302 | D:8      | Killed Psyche
 10303 | D:8      | Reached XP level 10. HP: 29/58 MP: 9/22
 10438 | D:8      | Noticed a death yak
 10442 | D:8      | Noticed a death yak
 10446 | D:8      | Noticed a death yak
 10447 | D:8      | Killed a death yak
 10452 | D:8      | Killed a death yak
 10453 | D:8      | Killed a death yak
 10621 | D:8      | Found a staircase to the Lair.
 10749 | D:8      | Reached skill level 12 in Summonings
 11548 | D:9      | Reached XP level 11. HP: 63/63 MP: 7/24
 11688 | D:9      | Reached skill level 10 in Spellcasting
 12317 | D:9      | Identified the +1 leather armour of Servitude {Rampage
                  | SInv}
 12404 | D:9      | Found a blossoming altar of Fedhas.
 13175 | D:9      | Found a staircase to the Orcish Mines.
 13194 | D:9      | Reached skill level 13 in Summonings
 13258 | D:9      | Reached skill level 1 in Evocations
 14138 | D:9      | Slain by a molten gargoyle

Illustrated notes

Levels and vault maps discovered:
D:1:      dpeg_arrival_pits, layout_basic, dilly_ecumenical_altar_fadedgnrine
D:2:      layout_basic, minmay_distorted, uniq_natasha
D:3:      layout_basic, serial_shops, nicolae_shop_waterfront
D:4:      layout_gridville, nicolae_yredelemnul_ghost_church
D:5:      minmay_evil_eye, layout_rooms
D:6:      layout_basic, minitemple, minmay_temple_entry_ruins, serial_curves,
          eino_curves_02, eino_curves_03, minmay_checkerbox, uniq_edmund,
          uniq_blork_the_orc, uniq_crazy_yiuf_cottage
D:7:      layout_basic, uniq_maggie
D:8:      layout_basic, dpeg_lair_monsters, uniq_grum, uniq_psyche
D:9:      layout_loops_ring, fedhas_altar_3,
          kennysheep_orc_monster_closet_entryway, enter_bailey_3, serial_bayou,
          serial_bayou_pond_b, serial_bayou_shore_a, serial_bayou_pond_e,
          serial_bayou_pond_b, minivault_8
Temple:   hellmonk_temple_rainy

Skill      XL: |  1  2  3  4  5  6  7  8  9 10 11 |
---------------+----------------------------------+-----
Dodging        | 4 5 |  5.7
Spellcasting   | 4 5 6 7 8 9 11 | 11.1
Summonings     | 7 8 9 11 12 13 | 13.4
Stealth        | 3 4 |  4.0
Hexes          | 1 |  1.1
Air Magic      | 1 2 3 |  3.0
Fighting       | 1 |  1.0
Evocations     | 1 |  1.1
Short Blades   | |  0.3

Action                   |  1- 3 |  4- 6 |  7- 9 | 10-12 || total
-------------------------+-------+-------+-------+-------++-------
Melee: Unarmed           |     5 |     4 |       |       ||     9
       Constrict         |     1 |     2 |     3 |     1 ||     7
       Tentacles         |     1 |     1 |     3 |     2 ||     7
       Dagger            |       |     1 |    14 |     6 ||    21
 Cast: Summon Small Mamm |    38 |     8 |     3 |       ||    49
       Call Canine Famil |       |     9 |    37 |    24 ||    70
       Summon Guardian G |       |     1 |     4 |       ||     5
       Summon Lightning  |       |       |    13 |    12 ||    25
       Summon Cactus Gia |       |       |     6 |    24 ||    30
Evoke: Wand              |       |       |       |     5 ||     5
  Use: Potion            |     1 |       |     2 |     1 ||     4
       Scroll            |       |       |     6 |     1 ||     7
 Stab: Distracted        |       |       |     1 |       ||     1
Armor: Skin              |     8 |     1 |     1 |       ||    10
Dodge: Dodged            |    33 |     8 |    41 |    23 ||   105

Table legend: (Time is in decaauts)
 A = Elapsed time spent in this place.
 B = Non-inter-level travel time spent in this place.
 C = Inter-level travel time spent in this place.
 D = Time resting spent in this place.
 E = Time spent auto-exploring this place.
 F = Levels seen in this place.
 G = Mean time per level.
                   A        B        C        D        E       F      G
               +--------+--------+--------+--------+--------+-----+--------+
         Total |  14148 |  13489 |    659 |   6114 |   4874 |  10 | 1414.8 |
       Dungeon |  14117 |  13459 |    658 |   6114 |   4874 |   9 | 1568.6 |
        Temple |     30 |     29 |      1 |      0 |      0 |   1 |   30.0 |
               +--------+--------+--------+--------+--------+-----+--------+

Top non-repeatable levels by time:
     D:9: 2703 daAuts
     D:6: 2377 daAuts
     D:4: 1706 daAuts
     D:1: 1496 daAuts
     D:8: 1451 daAuts
     D:5: 1412 daAuts
     D:7: 1274 daAuts
     D:3: 900 daAuts
     D:2: 793 daAuts
  Temple: 30 daAuts
